Cogmind - Beta 17 @@@ ROGUE MODE // 2026.07.09 @ 09:26:54 Player: hanzu Result: Destroyed by 9T-D47(R) with Subdweller Laser Performance ------------- Evolutions (0) 0 Regions Visited (2) 400 Robots Destroyed (27) 135 Value Destroyed (924) 924 Prototype IDs (3) 60 Alien Tech Used (0) 0 Bonus (0) 0 TOTAL SCORE: 1519 Bonus ------- None Cogmind --------- Core Integrity 0/250 Matter 4/300 Energy 100/100 System Corruption 0% Temperature Cool (6) Movement Core (200) Ox3 Location -10/Subcaves Parts ------- > --- POWER (1) -------- (None) > --- PROPULSION (2) --- (None) > --- UTILITY (2) ------ Sensor Array Makeshift Light Armor Plating > --- WEAPON (2) ------- Improved Assault Rifle Improved Assault Rifle > --- INVENTORY (5) ---- Cooled Ion Engine Large Storage Unit Battle Cannon Subdweller Shrapnel Launcher Peak State ------------ > --- POWER ------------ Cooled Ion Engine > --- PROPULSION ------- Light Treads Light Treads > --- UTILITY ---------- Sensor Array Makeshift Light Armor Plating > --- WEAPON ----------- Improved Assault Rifle Improved Assault Rifle > --- INVENTORY -------- Cooled Ion Engine Light Treads Large Storage Unit Improved Assault Rifle Improved Assault Rifle [Rating: 17] Favorites ----------- Power Cooled Ion Engine Engine Cooled Ion Engine Propulsion Light Treads Treads Light Treads Utility Sensor Array Device Sensor Array Storage Small Storage Unit Processor Transport Network Coupler Protection Makeshift Light Armor Plating Weapon Improved Assault Rifle Ballistic Gun Improved Assault Rifle Ballistic Cannon Battle Cannon Launcher Subdweller Shrapnel Launcher Build | -11 -10 -10 ------- Run | Yrd Mat Sub Slots Evolved . | . . . Power . | . . . Propulsion . | . . . Utility . | . . . Weapon . | . . . Parts Attached 25 | 6 11 8 Power 3 | 1 2 . Engine 3 | 1 2 . Core . | . . . Reactor . | . . . Propulsion 5 | 2 2 1 Treads 5 | 2 2 1 Leg . | . . . Wheel . | . . . Hover . | . . . Flight . | . . . Utility 7 | 1 5 1 Device 2 | . 2 . Storage 1 | 1 . . Processor 2 | . 2 . Hackware . | . . . Protection 2 | . 1 1 Artifact . | . . . Weapon 10 | 2 2 6 Energy Gun . | . . . Energy Cannon . | . . . Ballistic Gun 7 | 2 2 3 Ballistic Cannon 1 | . . 1 Launcher 2 | . . 2 Special Weapon . | . . . Impact Weapon . | . . . Slashing Weapon . | . . . Piercing Weapon . | . . . Special Melee Weapon . | . . . Unidentified Prototypes 2 | . 2 . Parts Lost 4 | . 1 3 Power 2 | . 1 1 Propulsion 2 | . . 2 Utility . | . . . Weapon . | . . . Highest Loss Streak 2 | . 1 2 To Critical Strikes 1 | . . 1 Average Backups 4 | . 4 4 Power . | . . 1 Propulsion . | . . . Utility . | . . 1 Weapon 1 | . 1 2 Tool/Special . | . . . Unused Backups 7 | . 3 4 Power 2 | . 1 1 Propulsion 1 | . 1 . Utility 2 | . 1 1 Weapon 2 | . . 2 Tool/Special . | . . . Average Slot Usage (%) 99 | . 99 99 Engine 13 | . 13 13 Treads 27 | . 28 27 Device 14 | . 16 14 Storage 2 | . 7 . Processor 1 | . 2 . Protection 9 | . . 13 Ballistic Gun 27 | . 27 27 Peak Build Rating 17 | 6 14 17 Average Rating 14 | 4 11 16 On Entrance 6 | . 6 14 Avg Prop Armor Cover (%) . | . . . Naked Turns . | . . . Heaviest Build 24 | 11 20 24 Greatest Support 40 | 40 40 40 Greatest Overweight (x) 1 | . . 1 Average Overweight (x) . | . . . Largest Inventory Capacity 8 | 8 8 5 Average Capacity 5 | 6 6 5 Most Carried 7 | 1 7 5 Average Carried 4 | . 4 4 Final Capacity 8 | 8 5 5 Final Carried 5 | 1 5 4 Class Distribution -------------------- 100% | Mutant Dominant Class ---------------- Mutant | -10/Materials Mutant | -10/Subcaves Resources | -11 -10 -10 ----------- Run | Yrd Mat Sub Matter Collected 1154 | 193 326 635 Remotely . | . . . Salvage Created 982 | . 347 635 Parts 68 | . 22 46 Haulers Intercepted 1 | . 1 . Recyclers Shooed . | . . . Parts Field Recycled . | . . . Retrieved Matter . | . . . Parts Self-Destructed 8 | . . 8 Prevented . | . . . Parts Restored . | . . . Kills | -11 -10 -10 ------- Run | Yrd Mat Sub Combat Hostiles Destroyed 25 | . 8 17 Guns 22 | . 8 14 AOE 3 | . . 3 Classes Destroyed 5 | . 4 1 Hauler 1 | . 1 . Watcher 1 | . 1 . Swarmer 3 | . 3 . Grunt 5 | . 5 . Subdweller 17 | . . 17 Best Kill Streak 3 | . 3 3 Combat Bots Only 3 | . 3 3 Max Kills in Single Turn 2 | . 2 1 Gunslinging 1 | . 1 . Exploded 1 | . . 1 Melee . | . . . Uniques/NPCs Destroyed . | . . . Combat | -11 -10 -10 -------- Run | Yrd Mat Sub Hostile Shots Fired 107 | . 36 71 Missed 28 | . 9 19 Hits 79 | . 27 52 Projectile 79 | . 27 52 Critical Strikes 5 | . . 5 Damage Taken 1492 | . 360 1132 Core 257 | . 24 233 Absorbed by Shields . | . . . Core Remaining (%) 100 | 100 . . Volleys Fired 124 | . 38 86 Largest 2 | . 2 2 Hottest 63 | . 46 63 Shots Fired 232 | . 76 156 Gun 213 | . 76 137 Cannon 2 | . . 2 Launcher 17 | . . 17 Special . | . . . Kinetic 232 | . 76 156 Thermal . | . . . Explosive . | . . . Electromagnetic . | . . . Robot Hit Streak 32 | . 13 32 Robot Miss Streak 3 | . 3 1 Penetration Max . | . . . Secondary Targets 1 | . 1 . Max Gunslinging Chain 1 | . 1 . Shots Hit Robots 141 | . 50 91 Core Hits 49 | . 17 32 Critical Kills 2 | . 1 1 Critical Parts Destroyed . | . . . Critical Strikes 3 | . 1 2 Destroy 3 | . 1 2 Melee Attacks . | . . . Impact . | . . . Slashing . | . . . Piercing . | . . . Sneak Attacks . | . . . Combat Hostiles . | . . . Follow-up Attacks . | . . . Damage Inflicted 2220 | . 587 1633 Guns 1884 | . 587 1297 Cannons . | . . . Explosions 330 | . . 330 Melee . | . . . Ramming 6 | . . 6 Kinetic 2214 | . 587 1627 Thermal . | . . . Explosive . | . . . Electromagnetic . | . . . Impact . | . . . Slashing . | . . . Piercing . | . . . Highest Corruption . | . . . Average Corruption . | . . . Corruption Purged . | . . . Corruption Blocked . | . . . Overload Shots . | . . . Overflow Damage . | . . . Projectiles . | . . . Explosions . | . . . Melee . | . . . Knockbacks 1 | . . 1 Impact 1 | . . 1 Kinetic . | . . . Secondary . | . . . Self-Inflicted Damage 33 | . . 33 Shots 1 | . . 1 Rammed 6 | . . 6 Targets Rammed 6 | . . 6 Kicked . | . . . Crushed . | . . . Highest Temperature 37 | . 37 . Average Temperature 15 | . 15 . Received Heat Transfer 276 | . 168 108 Siege Activations . | . . . Martial Activations . | . . . Shielding Activations . | . . . Robots Disrupted . | . . . Combat Hostiles . | . . . Robots Corrupted . | . . . Combat Hostiles . | . . . Parts Fried . | . . . Impact Corruptions . | . . . Robots Melted . | . . . Combat Hostiles . | . . . Parts Melted . | . . . Heat Transferred . | . . . Parts Sabotaged . | . . . Parts Stolen . | . . . Parts Stripped . | . . . Power Chain Reactions . | . . . Alert | -11 -10 -10 ------- Run | Yrd Mat Sub Maximum Alert Level . | . . . Low Security (%) 100 | 100 100 . Level 1 . | . . . Level 2 . | . . . Level 3 . | . . . Level 4 . | . . . Level 5 . | . . . High Security . | . . . Max Security . | . . . Peak Influence 92 | . 92 . Initial . | . . . Average 11 | . 12 . Influence Increases 225 | . 225 . Destroy 0b10 Robot/C 160 | . 160 . Destroy 0b10 Robot/NC 10 | . 10 . Destroy Leader 44 | . 44 . Successful Hack 11 | . 11 . Influence Decreases 225 | . 225 . Time Decay 215 | . 215 . Lost Part 10 | . 10 . Squads Dispatched 1 | . 1 . Investigation . | . . . Extermination . | . . . Reinforcement 1 | . 1 . Assault . | . . . Garrison . | . . . Intercept . | . . . Searches Triggered . | . . . Construction Impeded . | . . . Haulers Reinforced . | . . . Active Scanning Responses . | . . . Cargo Convoy Interrupts . | . . . Stealth | -11 -10 -10 --------- Run | Yrd Mat Sub Distress Signals . | . . . Communications Jammed . | . . . Distress Signals . | . . . Times Spotted 34 | . 16 18 Peak Tracking Total 3 | . 3 2 Tactical Retreats . | . . . Traps | -11 -10 -10 ------- Run | Yrd Mat Sub Traps Triggered 1 | . 1 . Indirectly . | . . . Trap Hack Attempts . | . . . Triggered . | . . . Disarmed . | . . . Reprogrammed . | . . . Reused . | . . . Traps Extracted . | . . . Installed . | . . . Triggered . | . . . Machines | -11 -10 -10 ---------- Run | Yrd Mat Sub Machines Disabled . | . . . Max in Single Turn . | . . . Machines Repaired . | . . . Machines Dismantled . | . . . Machines Sabotaged . | . . . Overloaded Fab Kills . | . . . Hacking | -11 -10 -10 --------- Run | Yrd Mat Sub Machines Accessed 7 | . 6 1 Terminals 5 | . 5 . Fabricators . | . . . Repair Stations . | . . . Recycling Units 1 | . 1 . Scanalyzers . | . . . Garrison Access . | . . . Total Hacks 25 | . 20 5 Successful 17 | . 12 5 Failed 8 | . 8 . Catastrophic 2 | . 2 . Database Lockouts . | . . . Manual 15 | . 15 . Terminals 19 | . 19 . Fabricators . | . . . Repair Stations . | . . . Recycling Units 1 | . 1 . Scanalyzers . | . . . Garrison Access . | . . . Terminal Hacks 10 | . 5 5 Record 5 | . . 5 Robot Analysis 2 | . 2 . Prototype ID Bank 1 | . 1 . Terminal Index 1 | . 1 . Locate Traps 1 | . 1 . Fabricator Hacks . | . . . Repair Station Hacks . | . . . Recycling Unit Hacks . | . . . Scanalyzer . | . . . Garrison Access Hacks . | . . . Unauthorized Hacks 7 | . 7 . Terminals 7 | . 7 . Botnet 1 | . 1 . Operators 1 | . 1 . Skim 5 | . 5 . Fabricators . | . . . Repair Stations . | . . . Recycling Units . | . . . Scanalyzers . | . . . Garrison Access . | . . . Data Cores Recovered . | . . . Used . | . . . Hacking Detections 6 | . 6 . Full Trace Events . | . . . Feedback Events . | . . . Feedback Blocked . | . . . Robot Schematics Acquired . | . . . Robots Built . | . . . Authchips . | . . . Time . | . . . Total Robot Build Rating . | . . . Part Schematics Acquired . | . . . Parts Built . | . . . Authchips . | . . . Time . | . . . Total Part Build Rating . | . . . Part Studies Acquired . | . . . Parts Repaired . | . . . Time . | . . . Parts Recycled . | . . . Recycled Matter . | . . . Retrieved Matter . | . . . Retrieved Components . | . . . Parts Scanalyzed . | . . . Part Schematics Acquired . | . . . Parts Damaged . | . . . Bothacking | -11 -10 -10 ------------ Run | Yrd Mat Sub Used RIF Installer . | . . . Robots Hacked . | . . . Non-combat . | . . . Combat . | . . . Robot Hacks Applied . | . . . Relay Couplers Released . | . . . Fabnet Peak Effective % . | . . . Robots Rewired . | . . . Allies Hacked . | . . . Hacks Repelled . | . . . Allies | -11 -10 -10 -------- Run | Yrd Mat Sub Total Allies . | . . . Largest Group . | . . . Highest-Rated Group . | . . . Highest-Rated Ally . | . . . Total Orders . | . . . Ally Attacks . | . . . Total Damage . | . . . Kills . | . . . Allies Corrupted . | . . . Allies Melted . | . . . Intel | -11 -10 -10 ------- Run | Yrd Mat Sub Active Infowar (turns) 3776 | . 776 3000 Sensors 3579 | . 579 3000 T.N.C. 197 | . 197 . Robot Analysis Total 2 | . 2 . Derelict Logs Recovered 1 | . . 1 Drone Launches . | . . . Drone Recoveries . | . . . Exploration | -11 -10 -10 ------------- Run | Yrd Mat Sub Turns Passed 4343 | 81 1262 3000 Spaces Moved 2089 | 49 533 1507 Core 6 | 6 . . Treads 2083 | 43 533 1507 Legs . | . . . Wheels . | . . . Hover . | . . . Flight . | . . . Fastest Speed 50 | 50 160 160 Average Speed 159 | 146 160 160 Slowest Speed 240 | 160 160 240 Overloaded Moves . | . . . Propulsion Burnouts . | . . . Robots Hopped . | . . . Potential Cave-ins 3 | . . 3 Cave-ins Triggered . | . . . Exploration Rate (%) 46 | 3 67 68 Regions Visited 2 Branch Regions 1 Pre-discovered Areas 4 | . 2 2 Known Exits Taken . | . . . Unknown Exits Taken 2 | 1 1 . Scrap Searched 1 | . . 1 Spaces Dug . | . . . Terrain Destroyed 267 | . . 267 Melee . | . . . Projectile . | . . . AOE 267 | . . 267 Terrain Rammed . | . . . Walls Destroyed . | . . . Machines Disabled . | . . . Actions | -11 -10 -10 --------- Run | Yrd Mat Sub Total 2857 | 55 873 1929 Wait 560 | . 270 290 Move 2087 | 48 532 1507 Hop . | . . . Pick Up 19 | 1 10 8 Fast Attach 16 | 6 7 3 Attach 7 | . 2 5 Detach . | . . . Swap 14 | . 2 12 Drop 24 | . 12 12 Fire 124 | . 38 86 Melee . | . . . Ram . | . . . Kick . | . . . Crush 6 | . . 6 Escape Stasis . | . . . Rewire . | . . . Trap . | . . . Miscellaneous . | . . . Route ------- -11/Scrapyard -10/Materials (discovered 5 exits: *Mat x3 / [*Min] / *Sub) -10/Subcaves (discovered 3 exits: *Mat x2 / Rec) History --------- Turn | Location | Event 2 | -11/Scrapyard | Met Revision 17 9 | -11/Scrapyard | Discovered new exit (range 14) 82 | -11/Scrapyard | Entered Materials 310 | -10/Materials | Build established: Mutant 410 | -10/Materials | Discovered new exit (range 5) 690 | -10/Materials | Discovered new exit (range 8) 715 | -10/Materials | Discovered new exit (range 16) 817 | -10/Materials | Identified exit to Materials 897 | -10/Materials | Learned location of 1 exit from Recycling 966 | -10/Materials | Learned 4 Recycling zone layouts 1026 | -10/Materials | Learned location of 2 exits from Subcaves 1075 | -10/Materials | Learned 4 Recycling zone layouts 1116 | -10/Materials | Learned location of Mines (-10) 1169 | -10/Materials | Learned location of Subcaves (-10) 1232 | -10/Materials | Learned 2 Mines zone layouts 1344 | -10/Materials | Entered Subcaves 1345 | -10/Subcaves | Identified exit to Materials 1425 | -10/Subcaves | Shifting Twisted Machinery released Mak. Light Armor Plating 1433 | -10/Subcaves | Shifting Twisted Machinery released Sub. Beam Cannon 1605 | -10/Subcaves | Shifting Twisted Machinery released Sub. Shrapnel Launcher 1800 | -10/Subcaves | Shifting Twisted Machinery released Sub. Shrapnel Launcher 2017 | -10/Subcaves | Ambushed by Subdwellers from Twisted Machinery 2170 | -10/Subcaves | Visited Clippyterm 2175 | -10/Subcaves | Learned location of Deep Caves (-7) 2175 | -10/Subcaves | Learned location of Section 7 (-3) 2253 | -10/Subcaves | Shifting Twisted Machinery released Battle Cannon 2266 | -10/Subcaves | Shifting Twisted Machinery released Flamer 2664 | -10/Subcaves | Ambushed by Subdweller buried in earth 3359 | -10/Subcaves | Core integrity fell below 50% 3420 | -10/Subcaves | Identified exit to Recycling 4204 | -10/Subcaves | Ambushed by Subdweller buried in earth 4270 | -10/Subcaves | Ambushed by Subdweller buried in earth 4272 | -10/Subcaves | Ambushed by Subdweller buried in earth 4320 | -10/Subcaves | Ambushed by Subdweller buried in earth 4329 | -10/Subcaves | Core integrity fell below 20% 4344 | -10/Subcaves | Destroyed by 9T-D47(R) with Subdweller Laser Last Messages --------------- 04314_ D2-MMA(u) tweaks Twisted Machinery. 04319_ HY-6M1(R) affixes Scrap Shield Fragment to Scrap Shield. 04321_ 9T-D47(R): "ARGHSUB!" 04321_ Slammed into HY-6M1(R). 04323_ The unstable cave ceiling collapses. 04323_ 24 Matter crushed. 04324_ Subatomizers dissect the Sub. Monowheel. 04325_ The unstable cave ceiling collapses. 04328_ D2-MMA(u) tweaks Twisted Machinery. 04328_ Slammed into HY-6M1(R). 04332_ HY-6M1(R) affixes Scrap Shield Fragment to Scrap Shield. 04336_ D2-MMA(u) tweaks Twisted Machinery. 04336_ Slammed into HY-6M1(R). 04336_ HY-6M1(R) knocked back. 04337_ Cld. Ion Engine destroyed. 04338_ Subatomizers dissect the Sub. Monowheel. 04338_ HY-6M1(R) destroyed. 04342_ The unstable cave ceiling collapses. 04342_ Critical hit (Destroy). 04342_ Lgt. Treads destroyed. Map ----- +----------------------------------------------------+ | ## ##???????#"" """""???????????????????????? | | ###?????# """" ????????????????????????? | | #?????# "" #?????????????????????????? | | ## ##????# "" #?????????????????????????? | | ###### ##???# " ####??????????????????????? | | #???# ##### #??????????????????????? | | #??## ## ##??????????????????????? | | #??# ### #???????????????????????? | | #??# ###### ##???????????????????????? | | ##??# ###?## #????????????????????????? | | #?### #???# ##????????????????????????? | | ##?# ##### ##?????????????????????????? | | ##?## ### #??????????????????????????? | | #?## ### ##?????????????????????????? | | ### ### #?????????????????????????? | | ### #?????????????????????????? | | ######?# #???????????####??????????? | | ##??????## ##????###?## ???????????? | | ## #????????## " ##??## ## ?????????? | | ## #?????????##?" #### # ! ##???????? | | ?# #?????????#""" # !%[ # ???????> | | ?# #?????????##""" ! ??????? | | ? ##??????????##" "" [*! # ??????? | | # ####?####?####### "" ![ ?????? | | ##???### ### # ## = R ?????? | | ###?## " !@ === #?????? | | ### """ % &#! #??????? | | # # # # !% #???????? | | ### #### ### ##???????? | | #### #?# ## #######??? ###????????? | | # #??####### ##?????????#####??????????? | | #####????# #????????????????????????? | | ###?????# ##????????????????????????? | | ##??# ### #?????????????????????????? | | ##### #######?# #?????????????????????????? | | ##??????????# #?????????????????????????? | | ### ##???##????## #?????????????????????????? | | #?# ##??# #????## #?????????????????????????? | | ??# #??# ###### #?????????????????????????? | | ??# #??# #?????????????????????????? | | ?## #??## #?????????????????????????? | | ?#]% ##?## #?????????????????????????? | | ## #?# #?????????????????????????? | | # ##?## ##?????????????????????????? | | ## ## ##??# ## #?????????????????????????? | | # # #?## ### ###????????????????????????? | | # ## ### #?# ###??????????????????????? | | &[ ## # #### #??????????????????????? | | =& ## ### #??????????????????????? | | ! ##### # # ## # ##??????????????????????? | +----------------------------------------------------+ Best States ------------- Heat Dissipation 35 Energy Generation 14 Energy Capacity 280 Matter Stores 300 Matter Capacity 300 Sight Range 16 Robot Scan Range 14 Terrain Scan Density 10 Armor Coverage 150 Evasion (%) 40 Targeting Accuracy 5 Recoil Reduction 2 Item Schematics ----------------- None Robot Schematics ------------------ None Fabricated ------------ Nothing Repaired ---------- Nothing Studied --------- None Alien Tech Used ----------------- None Achievements -------------- None Challenges ------------ None Game ------ Seed ScrapoidOpticalMesh Manual? 0 Play Time 00:21:07 Cumulative 218.1 hours Start 2026.07.09 @ 09:07:31 End 2026.07.09 @ 09:26:54 Sessions 1 Manual Loads 0 Difficulty Rogue Special Mode None Game No. 204 Rogue 204 Adventurer 0 Explorer 0 Win Type - Total 3 Types 3/0/0/0/0/0/0/0/0/0 Lore% 55 Gallery% 60 Achievement% 38 Wizard Run 0 Options --------- Layout 0 ASCII 0 Keyboard 0 Movement Numpad Keybinds 0 Fullscreen 2 Font 18/SmallcapsGlow Map View 76x50 Zoom Use 0% Tactical HUD 1 Map Filters NONE Filters NONE Steam 1 RUN: 6893e750-e653-4b16-87d3-d7d936a7d265